AoeStats
← Seven Minutes

Arabia

508488471Analyzed
1v1 RM · 11d ago on Sep 22, 2026· 28m 30s· 2 players
Game mode
Random Map
Map size
Tiny (2 player)
Population
200
Speed
Normal
Resources
Standard
Victory
Conquest
Starting age
Dark Age
Ending age
Imperial Age
RankedLock teamsTeams togetherTeam positionsShared explorationLock speedFull tech treeHidden civsTurbo modeCheats
Victory
Defeat
1027
+15
🇹🇷 Khitans · Türkiye
995
-15
Seven Minutes
12:41 Feudal Age
13:06 Double-Bit Axe
13:04 Domestication
19:16 Castle Age
18:33 Gold Mining
20:04 Wheelbarrow
20:22 Bow Saw
20:17 Pastoralism
20:39 Forging
20:34 Scale Barding Armor
24:25 Padded Archer Armor
24:15 Fletching
26:37 Elite Skirmisher
27:46 Leather Archer Armor
27:26 Bodkin Arrow
Bristlak z teba narobi pretlak
0:30 Loom
10:37 Feudal Age
16:27 Castle Age
15:28 Fletching
19:18 Double-Bit Axe
19:34 Bodkin Arrow
23:00 Forging
31:25 Imperial Age
Connection lost

Rejoining the realm…

Still unreachable

The connection could not be restored.

Session expired

The server has moved on; the page needs a fresh start.